 Dungeon Crawl Stone Soup version 0.30-a0-586-g23e55c9e0a (webtiles) character file.

Game seed: 5123518195159687962

167369 MackTheKnife the Basher (level 17, -18/116 HPs)
             Began as a Demonspawn Gladiator on Jan 3, 2023.
             Was the Champion of Hepliaklqana.
             Demolished by a radroach (48 damage)
             ... on level 4 of the Spider Nest.
             The game lasted 00:46:49 (31884 turns).

MackTheKnife the Basher (Demonspawn Gladiator)     Turns: 31884, Time: 00:46:49

Health: -18/116    AC: 28    Str: 12 (14) XL:     17   Next: 31%
Magic:  24/24      EV: 20    Int: 10 (13) God:    Hepliaklqana [******]
Gold:   300        SH: 34    Dex: 22 (23) Spells: 16/16 levels left

rFire   . . .      SeeInvis +    g - +9 broad axe (protect) {axe}
rCold   . . .      Faith    .    r - +10 tower shield of Ignorance {rN+ Int-4}
rNeg    + + +      Spirit   .    Z - +4 scale mail of Loss {rN++ rCorr Int-5 Slay+5}
rPois   +          Reflect  +    e - +1 helmet of Soistezxee {rElec rN+}
rElec   +          Harm     .    B - +2 cloak
rCorr   +          Rampage  .    X - +1 pair of gloves
Will    +....                    (boots unavailable)
Stlth   +                        C - amulet of reflection
HPRegen 0.39/turn                A - ring of see invisible
MPRegen 0.38/turn                c - ring "Qyme" {rPois Int+8}

@: under a protective aura, contaminated, glowing
A: reduced essence, hooves 3, ignite blood 1, magic regeneration, sturdy frame
3, bedeviling, agile 1, clever 1, evolution 1, subdued magic 1
a: Renounce Religion, Recall Ancestor, Ancestor Identity, Transference, Idealise


You were on level 4 of the Spider Nest.
You worshipped Hepliaklqana.
Hepliaklqana was exalted by your worship.
You visited 4 branches of the dungeon, and saw 26 of its levels.
You also visited: Bailey and Ice Cave.

You collected 2579 gold pieces.
You spent 2279 gold pieces at shops.


Innate Abilities, Weirdness & Mutations

Your life essence is reduced to manifest your ancestor. (-10% HP)
You have hooves in place of feet.
Your demonic aura sometimes causes spilled blood to erupt in flames.
You regenerate magic rapidly.
Your movements are significantly less encumbered by armour. (ER -6)
Your hexes are more powerful.
You are agile. (Dex +4, Str/Int -1)
Your mind is acute. (Int +4, Str/Dex -1)
You have hidden genetic potential.
Your spells are a little easier to cast, but a little less powerful.


   Skills:
 - Level 10.5 Fighting
 - Level 5.6 Short Blades
 + Level 9.3(12.9) Axes
 - Level 14.0(15.1) Maces & Flails
 - Level 1.7 Throwing
 - Level 11.2 Armour
 - Level 13.5 Dodging
 - Level 2.2 Stealth
 - Level 12.4 Shields
 - Level 9.8 Invocations


You had 16 spell levels left.
You didn't know any spells.
Your spell library contained the following spells:

 Spells                   Type           Power      Damage    Failure   Level
 Apportation              Tloc           0%         N/A       90%         1
 Kiss of Death            Conj/Necr      0%         2d5       90%         1
 Magic Dart               Conj           0%         1d3       90%         1
 Necrotise                Necr           0%         1d4       90%         1
 Sandblast                Erth           0%         2d4       90%         1
 Slow                     Hex            0%         N/A       90%         1
 Summon Small Mammal      Summ           0%         N/A       90%         1
 Call Imp                 Summ           0%         N/A       97%         2
 Cigotuvi's Dreadful Rot  Necr/Pois/Air  0%         N/A       97%         2
 Passwall                 Tmut/Erth      0%         N/A       97%         2
 Poisonous Vapours        Pois/Air       0%         N/A       97%         2
 Searing Ray              Conj           0%         2d4       97%         2
 Static Discharge         Conj/Air       0%         2-2/arc   97%         2
 Sublimation of Blood     Necr           0%         N/A       97%         2
 Call Canine Familiar     Summ           0%         N/A       99%         3
 Confusing Touch          Hex            0%         N/A       99%         3
 Dazzling Flash           Conj/Hex       0%         N/A       99%         3
 Hailstorm                Conj/Ice       0%         3d3       99%         3
 Ignite Poison            Fire/Tmut/Pois 0%         N/A       99%         3
 Kindle Blastsparks       Fire/Tloc/Air  0%         2d10      99%         3
 Mephitic Cloud           Conj/Pois/Air  0%         N/A       99%         3
 Portal Projectile        Hex/Tloc       0%         N/A       99%         3
 Stone Arrow              Conj/Erth      0%         3d7       99%         3
 Vampiric Draining        Necr           0%         2d6       99%         3
 Vhi's Electric Charge    Tloc/Air       0%         N/A       99%         3
 Dispel Undead            Necr           0%         3d6       100%        4
 Fulminant Prism          Conj/Hex       0%         3d5       100%        4
 Ice Form                 Ice/Tmut       0%         N/A       100%        4
 Iskenderun's Mystic Bla  Conj/Tloc      0%         2d3       100%        4
 Leda's Liquefaction      Hex/Erth       0%         N/A       100%        4
 Petrify                  Tmut/Erth      0%         N/A       100%        4
 Alistair's Intoxication  Tmut/Pois      0%         N/A       100%        5
 Arcjolt                  Conj/Air       0%         1d10      100%        5
 Borgnjor's Vile Clutch   Necr/Erth      0%         N/A       100%        5
 Fireball                 Conj/Fire      0%         3d3       100%        5
 Freezing Cloud           Conj/Ice/Air   0%         6-21      100%        5
 Irradiate                Conj/Tmut      0%         3d11      100%        5
 Iskenderun's Battlesphe  Conj           0%         2d6       100%        5
 Lee's Rapid Deconstruct  Erth           0%         3d4*      100%        5
 Lightning Bolt           Conj/Air       0%         1d11      100%        5
 Conjure Ball Lightning   Conj/Air       0%         3x3d7     100%        6
 Eringya's Noxious Bog    Tmut/Pois      0%         N/A       100%        6
 Iron Shot                Conj/Erth      0%         9d1       100%        6
 Simulacrum               Ice/Necr       0%         N/A       100%        6
 Starburst                Conj/Fire      0%         6d3       100%        6
 Orb of Destruction       Conj           0%         9d5       100%        7
 Spellforged Servitor     Conj/Summ      0%         N/A       100%        7
 Storm Form               Tmut/Air       0%         N/A       100%        7
 Maxwell's Capacitive Co  Air            0%         ∞         100%        8

Inventory:

Hand Weapons
 b - the +3 Elemental Staff {rElec rF++ rC++ AC+5}
   (You took it off a deep elf pyromancer on level 9 of the Dungeon)

   If the wielder is skilled in Evocations, they can discharge powerful blasts
   of elemental energy when striking with it.
   It enhances your fire, ice, earth and air magic.
   AC:        It affects your AC (+5).
   rF:        It greatly protects you from fire.
   rC:        It greatly protects you from cold.
   rElec:     It insulates you from electricity.
 g - a +9 broad axe of protection (weapon) {axe}
   (You found it on level 14 of the Dungeon)
Missiles
 d - 9 throwing nets (quivered) {=f!fthrowing}
Armour
 e - the +1 helmet of Soistezxee (worn) {rElec rN+}
   (You bought it in a shop on level 2 of the Orcish Mines)

   rElec:     It insulates you from electricity.
   rN:        It protects you from negative energy.
 r - the +10 tower shield of Ignorance (worn) {rN+ Int-4}
   (You bought it in a shop on level 2 of the Orcish Mines)

   Int:       It affects your intelligence (-4).
   rN:        It protects you from negative energy.
 B - a +2 cloak (worn)
   (You took it off Maurice on level 10 of the Dungeon)
 X - a +1 pair of gloves (worn)
   (You found it on level 6 of the Dungeon)
 Z - the +4 scale mail of Loss (worn) {rN++ rCorr Int-5 Slay+5}
   (You found it on level 6 of the Dungeon)

   Int:       It affects your intelligence (-5).
   Slay:      It affects your accuracy & damage with ranged weapons and melee
   (+5).
   rN:        It greatly protects you from negative energy.
   rCorr:     It protects you from acid and corrosion.
Jewellery
 c - the ring "Qyme" (right hand) {rPois Int+8}
   (You bought it in a shop on level 2 of the Orcish Mines)

   [ring of poison resistance]

   Int:       It affects your intelligence (+8).
   rPois:     It protects you from poison.
 y - a ring of protection from cold
   (You found it on level 11 of the Dungeon)
 A - a ring of see invisible (left hand)
   (You bought it in a shop on level 10 of the Dungeon)
 C - an amulet of reflection (around neck)
   (You found it on level 3 of the Dungeon)
 I - a ring of fire
   (You found it on level 10 of the Dungeon)
 L - a ring of positive energy
   (You took it off a kobold on level 9 of the Dungeon)
 M - a ring of protection from cold
   (You found it in an ice cave)
 O - a +4 ring of slaying
   (You found it on level 5 of the Dungeon)
 S - a ring of willpower
   (You bought it in a shop on level 2 of the Orcish Mines)
Wands
 n - a wand of quicksilver (7)
   (You found it on level 7 of the Dungeon)
 z - a wand of polymorph (24)
   (You found it on level 3 of the Dungeon)
 D - a wand of mindburst (14)
   (You found it on level 4 of the Dungeon)
 F - a wand of digging (11)
   (You found it on level 4 of the Dungeon)
 H - a wand of flame (54)
   (You took it off Maurice on level 10 of the Dungeon)
 T - a wand of charming (26)
   (You found it on level 5 of the Lair of Beasts)
 Y - a wand of roots (1)
   (You found it on level 6 of the Dungeon)
Scrolls
 a - 2 scrolls of enchant weapon
 h - 7 scrolls of immolation {!r!r}
 i - 5 scrolls of fear
 k - 2 scrolls of blinking {!r}
 s - 8 scrolls of teleportation {@r4}
 u - a scroll of fog
 x - 2 scrolls of silence {!r}
 E - 7 scrolls of poison {!r}
 K - 8 scrolls of magic mapping {!r}
 P - 2 scrolls of butterflies
 U - 10 scrolls of identify {@r1}
Potions
 j - 5 potions of brilliance
 l - 6 potions of heal wounds {@q2}
 m - a potion of ambrosia
 p - 3 potions of invisibility
 q - 9 potions of curing {@q1}
 t - 3 potions of flight
 v - 6 potions of haste {@q3}
 w - 4 potions of resistance
 G - a potion of berserk rage {!q}
 J - 6 potions of lignification {!q}
 Q - 3 potions of attraction {!q}
 R - 4 potions of might
 V - 4 potions of mutation {!q}
Miscellaneous
 f - a phantom mirror (inert)
   (You found it on level 4 of the Spider Nest)
 o - a tin of tremorstones (inert) {throwing}
   (You found it on level 9 of the Dungeon)
 N - a piece from Xom's chessboard (15/15)
   (You found it on level 1 of the Lair of Beasts)
 W - a lightning rod (inert)
   (You found it on level 15 of the Dungeon)

Dungeon Overview and Level Annotations

Branches:
Dungeon (15/15) Zot: 25909  Temple (0/1) D:7            Lair (5/5) D:10 Zot: 23376
 Shoals (0/4) Lair:3       Spider (4/4) Lair:3 Zot: 16896   Slime (0/5) Lair:5
    Orc (2/2) D:11 Zot: 9620     Elf (0/3) Orc:2        Vaults (0/5) D:13
 Depths (0/4) D:15         Bailey (visited)           IceCv (visited)

Altars:
Fedhas
Hepliaklqana
Nemelex Xobeh
Okawaru
Sif Muna
Trog
Uskayaw
Vehumet
Wu Jian
Yredelemnul
Jiyva

Shops:
D:7 :   D:10 *   D:12 [   Orc:1 *   Orc:2 =[[[

Annotations:
D:4 1 runed translucent door, Edmund, Sigmund
Lair:4 exclusion: oklob plant
Lair:5 1 runed translucent door
Spider:4 Nikola

### ##...## ..#### ##.....####
.##..### .......... #..#...#
........ #..#^..# [....# ^.#..#.#
#...# .....### ##...# ##..#####
#...^### #### #^..#.#.##
###.[@...# ##^.#
###..^#..###^..#^B.#####.^###
......#...#...^#^R^^^.#.....### #
...#....#.#.#..#.##.<##.....#.###
###.^#..[.^.#..###..B.####..#..##
#.#.##..####....^#.#..# #^..#..##
#....=.....^.##..###....##..#.^..
.<...^#.^^...###...#.#..^#^...#..
..####..#^#...#....###.####...#..


You could see the friendly Ntombi the hexer and 2 radroaches.


Message History

As you read the scroll of blinking {!r}, it crumbles to dust.
A mysterious force pulls you upwards.
The hatch slams shut behind you. 😨 HP[+1] MP[+1]
You start resting.
Ntombi emerges from the mists of memory! 😨 HP[+11] MP[+11]
You regained 11 hp, and now have 43/116 hp.
You regained 11 mp, and now have 13/24 mp.
You start resting.
Your magical contamination has completely faded away. 😨 HP[+2] MP[+2]
You regained 2 hp, and now have 45/116 hp.
You regained 2 mp, and now have 15/24 mp.
You start resting. 😨 HP[+10] MP[+9]
You regained 10 hp, and now have 55/116 hp.
Your mp is fully restored (24).
You start resting. 😎 HP[+61]
Your hp is fully restored (116).
(D) Dungeon (T) Temple (L) Lair (A) Shoals (N) Spider Nest (M) Slime Pits (O) Orcish Mines (E) Elven Halls (V) Vaults (U) Depths
Where to? (Enter - Spider:3 @ (x,y), ? - help)
What level of the Dungeon? (default 10, ? - help)
Okay, then.
(D) Dungeon (T) Temple (L) Lair (A) Shoals (N) Spider Nest (M) Slime Pits (O) Orcish Mines (E) Elven Halls (V) Vaults (U) Depths
Where to? (Enter - Spider:3 @ (x,y), ? - help)
What level of the Spider Nest? (default 1, ? - help) Ntombi passes through a web.
You see here a +0 chain mail.
You are caught in the web!
There is a web here.
You disentangle yourself.
Ntombi passes through a web.
There is a stone staircase leading down here.
You climb downwards.
Level annotation: Nikola
There is a stone staircase leading up here.
Key pressed, stopping travel.
Unknown command.
You swap places.
Ntombi passes through a web.
Ntombi passes through a web.
Ntombi passes through a web.
Ntombi passes through a web.
Key pressed, stopping explore.
Items here: )) [[.
Items here: ! $ )) ? [[.
A radroach is nearby!
Ntombi passes through a web.
You slash the radroach!
Your weapon exudes an aura of protection.
You kick the radroach.
The radroach erupts in a fountain of uncontrolled magic!
You are blasted with magical radiation!!
You are very lightly contaminated with residual magic. 😮 HP[-35]
You take 35 damage, and now have 81/116 hp.
MASSIVE DAMAGE!! (PAUSE)
You slash the radroach!
You kick the radroach, but do no damage.
You block the radroach's attack. x2
Ntombi casts a spell at the radroach.
The radroach resists with almost no effort. 😮 HP[+1]
You hit the radroach.
The radroach erupts in a fountain of uncontrolled magic!
You are blasted with magical radiation!!
* * * LOW HITPOINT WARNING * * *
You are lightly contaminated with residual magic.
Ntombi avoids your attack.
Ntombi casts a spell at the radroach.
The radroach resists with almost no effort.
The radroach erupts in a fountain of uncontrolled magic!
You are blasted with magical radiation!!
* * * LOW HITPOINT WARNING * * *
You are contaminated with residual magic.
Ntombi avoids your attack. 😱 HP[-53]
You take 53 damage, and now have 29/116 hp.
MASSIVE DAMAGE!! (PAUSE)
Okay, then.
Unknown command.
Ntombi hits the radroach with a +0 dagger of draining.
Ntombi drains the radroach.
Ntombi hits the radroach but does no damage.
Items here: ! $ )) ? [[.
Aiming: Quicksilver Bolt
Press: ? - help, Shift-Dir - straight line, f - radroach
Aim: a radroach (90% to hit)
The bolt of dispelling energy hits the radroach. x2
Ntombi hits the radroach with a +0 dagger of draining!
Ntombi drains the radroach.
Ntombi hits the radroach with a +0 dagger of draining.
The radroach erupts in a fountain of uncontrolled magic!
You are blasted with magical radiation!!!
You die...

Skill      XL: |  1  2  3  4  5  6  7  8  9 10 11 12 13 14 15 16 17 |
---------------+----------------------------------------------------+-----
Stealth        | 1 2 |  2.2
Short Blades   | 3 4 5 |  5.6
Fighting       | 4 7 10 | 10.5
Maces & Flails | 7 11 14 | 14.0
Dodging        | 4 10 13 | 13.5
Armour         | 4 11 | 11.2
Invocations    | 4 9 |  9.8
Shields        | 8 12 | 12.4
Axes           | 6 9 |  9.3
Throwing       | |  1.7

Action                   |  1- 3 |  4- 6 |  7- 9 | 10-12 | 13-15 | 16-18 || total
-------------------------+-------+-------+-------+-------+-------+-------++-------
Melee: Rapier            |   115 |   127 |       |       |       |       ||   242
       Punch             |       |     1 |     2 |     7 |    10 |       ||    20
       Kick              |       |    19 |    16 |       |   254 |   293 ||   582
       Flail             |       |    23 |   135 |   338 |   823 |   250 ||  1569
       Broad axe         |       |       |       |       |       |   325 ||   325
Throw: Throwing net      |     1 |       |       |       |       |       ||     1
Invok: Recall Ancestor   |       |       |       |     2 |     4 |       ||     6
       Ancestor Life: He |       |       |       |     1 |       |       ||     1
       Idealise          |       |       |       |       |       |     1 ||     1
       Transference      |       |       |       |       |       |     1 ||     1
Evoke: Wand              |       |     3 |    16 |     7 |     2 |     3 ||    31
       Tin of tremorston |       |       |       |       |     2 |     2 ||     4
       Piece from Xom's  |       |       |       |       |     1 |       ||     1
       Lightning rod     |       |       |       |       |       |     4 ||     4
       Phantom mirror    |       |       |       |       |       |     1 ||     1
  Use: Scroll            |       |     8 |     9 |     6 |     9 |    17 ||    49
       Potion            |       |     2 |       |       |       |     2 ||     4
 Stab: Sleeping          |     7 |     6 |     4 |     2 |     1 |       ||    20
       Held in net/web   |     1 |       |       |       |       |       ||     1
       Distracted        |       |     1 |       |     9 |    24 |    14 ||    48
       Confused          |       |       |       |     4 |    19 |    20 ||    43
       Paralysed         |       |       |       |       |    31 |    74 ||   105
       Petrified         |       |       |       |       |     1 |       ||     1
Armor: Leather armour    |    34 |       |       |       |       |       ||    34
       Ring mail         |     5 |    74 |    22 |       |       |       ||   101
       Scale mail        |       |       |    14 |    98 |   184 |   173 ||   469
       Skin              |       |       |     8 |       |       |       ||     8
Dodge: Dodged            |    64 |    92 |    65 |   180 |   483 |   216 ||  1100
Block: Other             |       |    25 |    29 |    65 |   116 |       ||   235
       Reflection        |       |     1 |     2 |     2 |    46 |     5 ||    56
       Tower shield      |       |       |       |       |   225 |   916 ||  1141

Levels and vault maps discovered:
D:1:      psy_arrival_radial02, layout_loops_corners
D:2:      layout_basic
D:3:      layout_rooms, grunt_decor_arrowhead, wad_floor_pattern_1
D:4:      layout_layer_cave, dk_yredelemnul_ordeal, sigmund_edmund_badplayer
D:5:      layout_loops_ring, pdpol_wu_jian_five_deadly_venoms,
          mainiacjoe_overflow_six_doors_small, chequers_mini_garden
D:6:      layout_cave_pools, nicolae_uskayaw_murder_on_the_dancefloor,
          mainiacjoe_overflow_swirl
D:7:      layout_rooms, lemuel_crystal_altar, minmay_temple_entry_butterflies,
          serial_shops, nicolae_shop_statue_plus, serial_bayou,
          serial_bayou_pond_a, serial_bayou_shore_b, serial_bayou_pond_d,
          serial_bayou_lagoon_a, serial_bayou_ford_a, serial_bayou_lake_a
D:8:      layout_loops_ring, enter_bailey_3
D:9:      layout_irregular_city, chequers_temple_overflow_statue_of_worship,
          dilly_guarded_unrand_elemental_staff
D:10:     layout_roguey, lair_entry_dummy, serial_shops,
          nicolae_shop_waterfront, minmay_misc_feat_more_columns, minivault_27,
          uniq_maurice, uniq_joseph, uniq_erica
D:11:     layout_basic, minmay_orc_entry_temple_small,
          kennysheep_generic_room_6, uniq_grum
D:12:     layout_cave_pools, serial_shops, nicolae_shop_trees,
          nrook_guardian_serpent_ordinary
D:13:     layout_cave_pools, hangedman_vaults_entry_quadrant_bands, uniq_nessos
D:14:     layout_irregular_city, biasface_ghost_orc_armoury,
          nrook_pool_corridor, uniq_agnes
D:15:     grunt_enter_depths_giant_problem, layout_rooms, elyvilon_altar_1
Lair:1:   layout_hall_layers, portal_ice_cave_demonic_guard,
          grunt_forest_small_clearing_treed, lemuel_fruit_fields
Lair:2:   layout_layer_cave, chequers_serial_rivers_large_a, st_stairs_11,
          chequers_serial_rivers_micro_c, serial_bayou_shore_b,
          grunt_megastairs_3
Lair:3:   layout_loops_ring, shoals_dummy_entry,
          nicolae_spider_entry_lesser_pyramids,
          eino_small_chamber_without_monster, chequers_serial_rivers_room_b
Lair:4:   layout_regular_city, minmay_lair_oklob_bushes, serial_bayou_shore_b
Lair:5:   hangedman_lair_tendril_chambers, layout_cave_pods,
          hangedman_lair_caniforms_friends, slime_entry_2,
          nicolae_quartered_pool_medium, chequers_serial_rivers_large_b,
          lemuel_fruit_fields
Spider:1: nicolae_spider_hilbert_zone_4 [nicolae_spider_hilbert_4_sides_2_open,
          nicolae_spider_hilbert_4_sides_1_open,
          nicolae_spider_hilbert_4_sides_1_open,
          nicolae_spider_hilbert_4_sides_1_open,
          nicolae_spider_hilbert_4_sides_1_open,
          nicolae_spider_hilbert_2_sides_1_open,
          nicolae_spider_hilbert_2_sides_1_open,
          nicolae_spider_hilbert_2_sides_1_open,
          nicolae_spider_hilbert_2_sides_1_open,
          nicolae_spider_hilbert_6_sides_1_open,
          nicolae_spider_hilbert_6_sides_1_open,
          nicolae_spider_hilbert_3_sides_1_open,
          nicolae_spider_hilbert_3_sides_1_open]
Spider:2: layout_chambers, nicolae_spider_paper_wasps
Spider:3: layout_spider_delve, guppyfry_spider_mini_3
Spider:4: hellmonk_spider_rune_bug_friends, uniq_arachne, uniq_nikola,
          uniq_mlioglotl
Orc:1:    layout_caves, serial_shops, shop, uniq_josephine
Orc:2:    st_orc_pillars, layout_caves, basic_altar, uniq_jorgrun

Notes
Turn   | Place    | Note
-------+----------+-------------------------------------------
     0 | D:1      | MackTheKnife the Demonspawn Gladiator began the quest for
                  | the Orb.
     0 | D:1      | Reached XP level 1. HP: 16/16 MP: 1/1
     0 | D:1      | magus.rc [v1.9.6]
   183 | D:1      | Reached skill level 1 in Stealth
   301 | D:1      | Gained mutation: Your movements are slightly less
                  | encumbered by armour. (ER -2) [demonic ancestry]
   301 | D:1      | Reached XP level 2. HP: 22/22 MP: 2/2
   431 | D:1      | Reached skill level 2 in Stealth
   682 | D:1      | You pick up a book of the Hunter and begin reading...
   682 | D:1      | You add the spells Call Canine Familiar, Portal Projectile
                  | and Leda's Liquefaction to your library.
  1222 | D:2      | Reached skill level 3 in Short Blades
  1323 | D:2      | Reached XP level 3. HP: 27/27 MP: 3/3
  2240 | D:3      | Reached XP level 4. HP: 33/33 MP: 4/4
  2379 | D:2      | Reached skill level 4 in Short Blades
  2973 | D:4      | HP: 2/33 [orc priest/divine providence (12)]
  3150 | D:4      | Gained mutation: You have large cloven feet. [demonic
                  | ancestry]
  3150 | D:4      | Reached XP level 5. HP: 13/38 MP: 5/5
  3263 | D:4      | Reached skill level 5 in Short Blades
  3463 | D:4      | You add the spells Vhi's Electric Charge, Arcjolt and
                  | Maxwell's Capacitive Coupling to your library.
  3571 | D:4      | Noticed Sigmund
  3602 | D:4      | Noticed Edmund
  3662 | D:4      | You pick up a book of Alchemy and begin reading...
  3662 | D:4      | You add the spells Sublimation of Blood, Petrify and
                  | Irradiate to your library.
  3728 | D:4      | Identified the +6 flail "Jirresim" {spect, Fragile +Blink
                  | MP+9 Int+4}
  3855 | D:4      | Gained mutation: Your movements are less encumbered by
                  | armour. (ER -4) [demonic ancestry]
  3855 | D:4      | Reached XP level 6. HP: 34/46 MP: 6/6
  3936 | D:4      | Noticed a human
  3937 | D:4      | Found a runed translucent door.
  3943 | D:4      | Found a basalt altar of Yredelemnul.
  4259 | D:4      | Reached skill level 3 in Fighting
  4587 | D:5      | Entered Level 5 of the Dungeon
  4607 | D:5      | Reached skill level 4 in Fighting
  4680 | D:5      | Reached XP level 7. HP: 54/55 MP: 7/7
  4712 | D:5      | Reached skill level 5 in Fighting
  4775 | D:5      | Reached skill level 6 in Fighting
  4825 | D:5      | Reached skill level 7 in Fighting
  4828 | D:5      | You pick up a book of Blasting and begin reading...
  4828 | D:5      | You add the spells Kindle Blastsparks, Fulminant Prism,
                  | Iskenderun's Mystic Blast and Lee's Rapid Deconstruction to
                  | your library.
  4953 | D:5      | Gained mutation: Your demonic aura sometimes causes spilled
                  | blood to erupt in flames. [demonic ancestry]
  4953 | D:5      | Reached XP level 8. HP: 55/67 MP: 8/8
  5110 | D:5      | Identified the +6 hand axe of the Eternal Void {drain,
                  | Int+3 Dex+3}
  5226 | D:5      | Found an ornate altar of the Wu Jian Council.
  5326 | D:6      | Reached skill level 8 in Fighting
  5392 | D:6      | Reached skill level 9 in Fighting
  5443 | D:6      | You pick up a book of Debilitation and begin reading...
  5443 | D:6      | You add the spells Slow, Vampiric Draining and Confusing
                  | Touch to your library.
  5468 | D:6      | Identified the +4 scale mail of Loss {rN++ rCorr Int-5
                  | Slay+5}
  5473 | D:6      | You pick up a book of Cantrips and begin reading...
  5473 | D:6      | You add the spells Necrotise, Summon Small Mammal and
                  | Apportation to your library.
  5584 | D:6      | Found a hazy altar of Hepliaklqana.
  5597 | D:6      | Found a sparkling altar of Nemelex Xobeh.
  5660 | D:6      | Became a worshipper of Hepliaklqana the Forgotten
  5824 | D:6      | Found a hide-covered altar of Uskayaw.
  6007 | D:7      | Found Atur's Book Shop.
  6365 | D:7      | Reached skill level 10 in Fighting
  6487 | D:7      | Found a shimmering blue altar of Sif Muna.
  6501 | D:7      | Found a staircase to the Ecumenical Temple.
  6536 | D:7      | Reached XP level 9. HP: 79/79 MP: 9/9
  6863 | D:8      | Reached skill level 1 in Maces & Flails
  6952 | D:8      | Reached skill level 2 in Maces & Flails
  7104 | D:8      | You pick up a book of Debilitation and begin reading...
  7118 | D:8      | Found a flagged portal.
  7129 | Bailey   | Entered a bailey
  7132 | Bailey   | Reached * piety under Hepliaklqana
  7203 | Bailey   | Reached skill level 3 in Maces & Flails
  7246 | Bailey   | Noticed an orc knight
  7252 | Bailey   | Killed an orc knight
  7253 | Bailey   | Reached skill level 4 in Maces & Flails
  7260 | Bailey   | Reached skill level 5 in Maces & Flails
  7556 | D:8      | You pick up a book of Conjurations {@e2} and begin
                  | reading...
  7556 | D:8      | You add the spells Magic Dart and Searing Ray to your
                  | library.
  7594 | D:8      | Reached skill level 6 in Maces & Flails
  7606 | D:8      | Reached skill level 7 in Maces & Flails
  7607 | D:8      | Gained mutation: Your movements are significantly less
                  | encumbered by armour. (ER -6) [demonic ancestry]
  7607 | D:8      | Reached XP level 10. HP: 74/77 MP: 10/10
  7800 | D:8      | You pick up a book of Minor Magic and begin reading...
  7800 | D:8      | You add the spells Call Imp and Mephitic Cloud to your
                  | library.
  8213 | D:9      | Noticed a deep elf pyromancer
  8213 | D:9      | a deep elf pyromancer comes into view. It is wielding the
                  | +3 Elemental Staff {rElec rF++ rC++ AC+5}.
  8216 | D:9      | Killed a deep elf pyromancer
  8217 | D:9      | Reached skill level 8 in Maces & Flails
  8241 | D:9      | Noticed a gargoyle
  8248 | D:9      | Noticed a gargoyle
  8258 | D:9      | Noticed a gargoyle
  8261 | D:9      | Killed a gargoyle
  8267 | D:9      | Killed a gargoyle
  8268 | D:9      | Reached skill level 9 in Maces & Flails
  8276 | D:9      | Killed a gargoyle
  8472 | D:9      | Reached skill level 10 in Maces & Flails
  8617 | D:9      | Identified the +5 sling of the Wraith {flame, Fragile Int+7
                  | Dex+2}
  8730 | D:9      | Reached skill level 11 in Maces & Flails
  8743 | D:9      | Reached ** piety under Hepliaklqana
  8744 | D:9      | Remembered your ancestor Ntombi as a hexer
  8793 | D:9      | Found a blossoming altar of Fedhas.
  8793 | D:9      | Found a bloodstained altar of Trog.
  8794 | D:9      | Found an iron altar of Okawaru.
  8810 | D:9      | Gained mutation: You regenerate magic rapidly. [demonic
                  | ancestry]
  8810 | D:9      | Reached XP level 11. HP: 82/82 MP: 11/11
  8873 | D:9      | You pick up a book of Touch and begin reading...
  8873 | D:9      | You add the spells Kiss of Death and Dispel Undead to your
                  | library.
  9033 | D:10     | Entered Level 10 of the Dungeon
  9047 | D:10     | Found Aqoggyec's General Store.
  9052 | D:10     | Found a staircase to the Lair.
  9089 | D:10     | Bought a ring of see invisible for 180 gold pieces
  9224 | D:10     | Identified a +1 robe of the Archmagi
  9245 | D:10     | Noticed Joseph
  9262 | D:10     | Killed Joseph
  9426 | D:10     | Noticed Erica
  9439 | D:10     | Killed Erica
  9473 | D:10     | Noticed Maurice
  9484 | D:10     | Killed Maurice
  9485 | D:10     | Reached skill level 12 in Maces & Flails
  9991 | D:11     | Noticed Grum
  9991 | D:11     | Noticed a boulder beetle
 10019 | D:11     | Your ally Grum died
 10027 | D:11     | Reached skill level 13 in Maces & Flails
 10043 | D:11     | Killed a boulder beetle
 10210 | D:11     | Noticed a two-headed ogre
 10239 | D:11     | Killed a two-headed ogre
 10524 | D:11     | Found a staircase to the Orcish Mines.
 10932 | Lair:1   | Entered Level 1 of the Lair of Beasts
 10939 | Lair:1   | Reached skill level 14 in Maces & Flails
 10958 | Lair:1   | Reached skill level 3 in Dodging
 10967 | Lair:1   | Noticed a boulder beetle
 10978 | Lair:1   | Killed a boulder beetle
 10979 | Lair:1   | Reached skill level 4 in Dodging
 10979 | Lair:1   | Reached XP level 12. HP: 77/88 MP: 12/12
 10983 | Lair:1   | Found a frozen archway.
 11001 | IceCv    | Entered an ice cave
 11001 | IceCv    | Reached *** piety under Hepliaklqana
 11073 | IceCv    | Reached skill level 5 in Dodging
 11227 | IceCv    | Identified a +2 crystal plate armour of cold resistance
 11231 | IceCv    | g - a +2 crystal plate armour of cold resistance {rare=g}
 11252 | IceCv    | Reached skill level 6 in Dodging
 11325 | IceCv    | Reached skill level 7 in Dodging
 11440 | IceCv    | Noticed a death yak
 11442 | IceCv    | Noticed a death yak
 11448 | IceCv    | Killed a death yak
 11451 | IceCv    | Killed a death yak
 11452 | IceCv    | Reached skill level 8 in Dodging
 11580 | IceCv    | Noticed a death yak
 11593 | IceCv    | Killed a death yak
 11675 | IceCv    | Reached skill level 9 in Dodging
 11682 | IceCv    | Noticed a death yak
 11682 | IceCv    | Noticed a frost giant
 11682 | IceCv    | Noticed a death yak
 11705 | IceCv    | Killed a death yak
 11709 | IceCv    | Killed a frost giant
 11743 | IceCv    | Killed a death yak
 11744 | IceCv    | Reached skill level 10 in Dodging
 11932 | IceCv    | You add the spells Spellforged Servitor and Storm Form to
                  | your library.
 11932 | IceCv    | Got Total Understanding of the Hermit's Heritage
 11934 | IceCv    | You pick up a book of Party Tricks and begin reading...
 11941 | IceCv    | Identified the +8 great sword "Dizen" {flame, Int+4}
 12153 | Lair:1   | Gained mutation: Your hexes are more powerful. [demonic
                  | ancestry]
 12153 | Lair:1   | Reached XP level 13. HP: 90/93 MP: 13/13
 12289 | Lair:1   | Reached skill level 11 in Dodging
 12554 | Lair:1   | You pick up a book of Spectacle and begin reading...
 12554 | Lair:1   | You add the spells Dazzling Flash and Starburst to your
                  | library.
 12826 | Lair:2   | Reached **** piety under Hepliaklqana
 13495 | Lair:2   | Reached skill level 12 in Dodging
 14032 | Lair:3   | Found a hole to the Spider Nest.
 14174 | Lair:3   | Reached skill level 13 in Dodging
 14178 | Lair:3   | magus.rc [v1.9.6]
 14584 | Lair:3   | Found a staircase to the Shoals.
 14654 | Lair:3   | Identified the +8 chain mail of a wizard's laboratory
                  | {Will+}
 14911 | Lair:4   | You pick up a book of the Tundra and begin reading...
 14911 | Lair:4   | You add the spells Hailstorm, Ice Form and Simulacrum to
                  | your library.
 14937 | Lair:4   | Reached ***** piety under Hepliaklqana
 14983 | Lair:4   | Reached skill level 1 in Armour
 14994 | Lair:4   | Reached skill level 2 in Armour
 15100 | Lair:4   | Reached skill level 3 in Armour
 15153 | Lair:4   | Identified the +1 robe of Usur Erhax {rElec rPois}
 15251 | Lair:4   | Reached skill level 4 in Armour
 15509 | Lair:4   | Gained mutation: You have hoof-like feet. [demonic
                  | ancestry]
 15509 | Lair:4   | Reached XP level 14. HP: 64/99 MP: 14/14
 15537 | Lair:4   | Reached skill level 5 in Armour
 15960 | Lair:5   | Entered Level 5 of the Lair of Beasts
 16090 | Lair:5   | Reached skill level 6 in Armour
 16146 | Lair:5   | Found a viscous altar of Jiyva.
 16147 | Lair:5   | Found a runed translucent door.
 16154 | Lair:5   | Found a staircase to the Slime Pits.
 16321 | Lair:5   | Reached skill level 7 in Armour
 16523 | Lair:5   | Reached skill level 8 in Armour
 16757 | Lair:5   | Reached skill level 9 in Armour
 17208 | Lair:5   | Reached skill level 10 in Armour
 17265 | Lair:5   | You pick up a book of Lightning and begin reading...
 17265 | Lair:5   | You add the spells Static Discharge and Lightning Bolt to
                  | your library.
 17756 | Lair:5   | Reached skill level 11 in Armour
 18406 | Orc:1    | Entered Level 1 of the Orcish Mines
 18406 | Orc:1    | Noticed Josephine
 18415 | Orc:1    | Killed Josephine
 18416 | Orc:1    | Reached skill level 1 in Invocations
 18418 | Orc:1    | Reached skill level 2 in Invocations
 18431 | Orc:1    | Reached skill level 3 in Invocations
 18460 | Orc:1    | Found Ogocs's General Store.
 18735 | Orc:2    | Entered Level 2 of the Orcish Mines
 18744 | Orc:2    | Noticed Jorgrun
 18792 | Orc:2    | Noticed an orc warlord
 18813 | Orc:1    | Killed an orc warlord
 18814 | Orc:1    | Reached skill level 4 in Invocations
 18889 | Orc:2    | Reached XP level 15. HP: 105/105 MP: 18/18
 18992 | Orc:2    | Killed Jorgrun
 18993 | Orc:2    | Reached skill level 5 in Invocations
 19201 | Orc:2    | Found a radiant altar of Vehumet.
 19221 | Orc:1    | Reached skill level 6 in Invocations
 19550 | Orc:2    | Reached skill level 7 in Invocations
 19561 | Orc:2    | HP: 13/105 [orc priest/divine providence (14)]
 19928 | Orc:2    | Reached skill level 8 in Invocations
 20160 | Orc:2    | Found a staircase to the Elven Halls.
 20421 | Orc:2    | Reached skill level 9 in Invocations
 20477 | Orc:2    | Found Moaxybbamy's Armour Emporium.
 20477 | Orc:2    | Found Heti Det's Jewellery Emporium.
 20478 | Orc:2    | Found Plog's Antique Armour Emporium.
 20478 | Orc:2    | Found Soduit's Antique Armour Shoppe.
 20493 | Orc:2    | Bought the +1 helmet of Soistezxee {rElec rN+} for 415 gold
                  | pieces
 20503 | Orc:2    | Bought the +10 tower shield of Ignorance {rN+ Int-4} for
                  | 859 gold pieces
 20503 | Orc:2    | Found the +10 tower shield of Ignorance {rN+ Int-4}
 20512 | Orc:2    | Bought a ring of willpower for 300 gold pieces
 20635 | D:12     | Found Xewnekk's Antique Armour Emporium.
 20694 | D:12     | Reached skill level 1 in Shields
 20740 | D:12     | Reached skill level 2 in Shields
 20816 | D:12     | Reached ****** piety under Hepliaklqana
 21064 | D:12     | You add the spells Ignite Poison and Freezing Cloud to your
                  | library.
 21267 | D:13     | Reached skill level 3 in Shields
 21534 | D:13     | Reached skill level 4 in Shields
 21628 | D:13     | Reached skill level 5 in Shields
 21905 | D:13     | Reached skill level 6 in Shields
 21938 | D:13     | Found a gate to the Vaults.
 22105 | D:13     | Noticed Nessos
 22111 | D:13     | Killed Nessos
 22318 | D:14     | Noticed Agnes
 22326 | D:14     | Killed Agnes
 22392 | D:14     | Reached skill level 7 in Shields
 22735 | D:14     | Found a runed translucent gate.
 22736 | D:14     | Found a runed translucent gate.
 22736 | D:14     | Found a runed translucent gate.
 22738 | D:14     | Noticed Ticzumol's ghost (journeyman DEFE)
 22746 | D:14     | Identified the +10 battleaxe of Disintegration {venom,
                  | rElec MP+9 Int+4 Dex+3}
 22797 | D:14     | Killed Ticzumol's ghost
 22797 | D:14     | Gained mutation: You are weak. (Str -2) [a neqoxec]
 23109 | D:14     | Identified the +0 leather armour "Monipnuz" {Regen+}
 23166 | D:14     | Reached skill level 8 in Shields
 23322 | D:15     | Entered Level 15 of the Dungeon
 23362 | D:15     | Found a staircase to the Depths.
 23441 | D:15     | You pick up a book of Vapours and begin reading...
 23441 | D:15     | You add the spells Poisonous Vapours and Cigotuvi's
                  | Dreadful Rot to your library.
 23460 | D:15     | Gained mutation: You have hooves in place of feet. [demonic
                  | ancestry]
 23460 | D:15     | Reached XP level 16. HP: 60/110 MP: 23/23
 23462 | D:15     | Reached skill level 9 in Shields
 23778 | D:15     | You pick up a book of the Tundra and begin reading...
 23841 | D:15     | You pick up a book of Power and begin reading...
 23841 | D:15     | You add the spells Iskenderun's Battlesphere and Iron Shot
                  | to your library.
 24260 | Orc:2    | Bought the ring "Qyme" {rPois Int+8} for 525 gold pieces
 24261 | Orc:2    | You drop a +2 crystal plate armour of cold resistance
                  | {rare=g}.
 24499 | Spider:1 | Entered Level 1 of the Spider Nest
 24543 | Spider:1 | Reached skill level 10 in Shields
 24612 | Spider:1 | Lost mutation: You are weak. (Str -2) [potion of mutation]
 24612 | Spider:1 | Gained mutation: Your spells are a little easier to cast,
                  | but a little less powerful. [potion of mutation]
 24612 | Spider:1 | Gained mutation: Your mind is acute. (Int +4, Str/Dex -1)
                  | [potion of mutation]
 24612 | Spider:1 | Gained mutation: You have hidden genetic potential. [potion
                  | of mutation]
 24741 | Spider:1 | You pick up a book of the Spheres and begin reading...
 24741 | Spider:1 | You add the spells Fireball, Conjure Ball Lightning and Orb
                  | of Destruction to your library.
 25449 | Spider:1 | You pick up a book of Geomancy and begin reading...
 25449 | Spider:1 | You add the spells Sandblast, Passwall and Stone Arrow to
                  | your library.
 25537 | Spider:1 | Reached skill level 11 in Shields
 25856 | Spider:1 | You add the spells Borgnjor's Vile Clutch and Eringya's
                  | Noxious Bog to your library.
 26025 | Spider:1 | HP: 25/110 [poisoned by a redback]
 26030 | Spider:1 | HP: 17/110 [poisoned by a redback]
 26328 | Spider:1 | Reached skill level 12 in Shields
 27366 | Spider:2 | Reached skill level 1 in Axes
 27606 | Spider:2 | Reached skill level 2 in Axes
 27835 | Spider:2 | Reached skill level 3 in Axes
 28528 | Spider:3 | Reached skill level 4 in Axes
 28829 | Spider:3 | Reached skill level 5 in Axes
 29298 | Spider:3 | Reached skill level 6 in Axes
 30141 | Spider:4 | Entered Level 4 of the Spider Nest
 30295 | Spider:4 | Reached XP level 17. HP: 116/116 MP: 24/24
 30322 | Spider:4 | Reached skill level 7 in Axes
 30634 | Spider:3 | Reached skill level 8 in Axes
 30638 | Spider:3 | HP: 23/116 [ghost moth (7)]
 30667 | Spider:3 | Gained mutation: You are agile. (Dex +4, Str/Int -1)
                  | [hidden potential]
 30980 | Spider:4 | Noticed Arachne
 30991 | Spider:4 | Killed Arachne
 31015 | Spider:4 | Noticed Mlioglotl
 31037 | Spider:4 | Killed Mlioglotl
 31178 | Spider:4 | Noticed Nikola
 31190 | Spider:4 | HP: 16/116 [Nikola/arc of chain lightning (28)]
 31452 | Spider:4 | Reached skill level 9 in Axes
 31882 | Spider:4 | HP: 29/116 [radroach (26)]
 31884 | Spider:4 | Demolished by a radroach

Vanquished Creatures
  Arachne (Spider:4)
  Jorgrun (Orc:2)
  2 ghost moths
  An orc warlord (Orc:1)
  A broodmother (Spider:4)
  A stone giant (D:15)
  Nessos (D:13)
  2 spark wasps
  The ghost of Ticzumol the Arsonist, a journeyman DEFE of Vehumet (D:14)
  3 entropy weavers
  Josephine (Orc:1)
  A jorogumo (Spider:1)
  Erica (D:10)
  3 centaur warriors
  4 hydras
  8 boulder beetles
  A catoblepas (D:14)
  A two-headed ogre (D:11)
  7 death yaks
  A shock serpent (shapeshifter) (D:14)
  5 orc high priests
  2 tengu warriors (D:15)
  A deep elf knight (D:13)
  2 skeletal warriors (D:15)
  2 sun moths
  6 pharaoh ants
  6 orb spiders
  A wizard (D:14)
  12 orc knights
  6 steelbarb worms
  3 ugly things
  4 deep elf pyromancers
  A deep elf zephyrmancer (D:13)
  5 manticores
  A salamander (shapeshifter) (D:14)
  12 wolf spiders
  4 moths of wrath
  8 elephants
  Maurice (D:10)
  2 guardian serpents
  An ice statue (IceCv)
  9 black mambas
  Joseph (D:10)
  15 cane toads
  4 gargoyles
  5 demonic crawlers
  5 rime drakes
  4 torpor snails
  4 freezing wraiths
  8 komodo dragons
  An ice devil (Lair:1)
  5 yaktaurs (D:13)
  A tengu conjurer (D:9)
  7 hornets
  10 meliai
  9 trolls
  14 tarantellas
  20 polar bears
  A blink frog (shapeshifter) (D:15)
  3 raiju
  7 dream sheep (Lair:4)
  17 blink frogs
  10 culicivoras
  11 slime creatures
  4 wraiths (Orc:1)
  A centaur simulacrum (D:14)
  12 wyverns
  24 jumping spiders
  A vampire (D:11)
  A basilisk (shapeshifter) (D:14)
  4 basilisks
  51 redbacks
  9 vampire mosquitoes
  75 yaks
  3 fire elementals (D:9)
  5 wargs
  5 acid dragons
  20 water moccasins
  12 hell hounds (Lair:5)
  An ice beast (D:7)
  12 black bears
  A black bear (shapeshifter) (D:15)
  42 orc warriors
  A boggart (D:13)
  12 centaurs
  29 wolves
  4 ogres
  4 phantoms
  7 kobold brigands
  11 bullfrogs
  5 scorpions
  5 wights (D:5)
  9 killer bees (D:9)
  3 howler monkeys (D:8)
  6 electric eels
  2 jellies (D:5)
  27 orc priests
  2 hounds
  A gnoll bouda (D:6)
  2 iguanas
  20 orc wizards
  11 gnolls
  4 adders
  A white imp (D:7)
  An ufetubus (D:4)
  2 worms
  4 dart slugs
  79 orcs
  7 endoplasms
  3 giant cockroaches
  9 goblins
  11 hobgoblins
  10 jackals
  13 kobolds
  3 quokkas
  6 ball pythons
  3 bats
  3 frilled lizards
  5 rats
  2 butterflies
  A starspawn tentacle (Spider:4)
909 creatures vanquished.

Vanquished Creatures (collateral kills)
  Mlioglotl (Spider:4)
  Agnes (D:14)
  A frost giant (IceCv)
  3 ghost moths
  An emperor scorpion (Spider:3)
  A broodmother (Spider:2)
  An entropy weaver (Spider:1)
  A hydra (Lair:2)
  A jorogumo (Spider:3)
  A death knight (D:15)
  A boulder beetle (Spider:4)
  An orc high priest (Orc:2)
  A skeletal warrior (D:15)
  A pharaoh ant (Spider:4)
  An orb spider (Spider:4)
  2 wolf spiders
  An elephant (Lair:4)
  A torpor snail (Spider:4)
  An ice devil (Lair:1)
  2 tarantellas (Spider:4)
  A polar bear (IceCv)
  3 blink frogs (Lair:3)
  3 slime creatures (D:12)
  A culicivora (Spider:4)
  3 yaks
  2 jumping spiders
  11 redbacks
  3 hell hounds (Lair:5)
  An orc warrior (Orc:2)
  An ogre (Orc:1)
  5 wolves
  A bullfrog (Lair:3)
  2 killer bees (D:9)
  An electric eel (Spider:3)
  4 orc priests
  An orc wizard (Orc:1)
  15 orcs
  3 kobolds (D:9)
  A butterfly (Lair:5)
86 creatures vanquished.

Vanquished Creatures (others)
  A ghost moth (Spider:4)
  A deep elf pyromancer (D:13)
  A manticore (D:12)
  A culicivora (Spider:4)
  Grum (D:11)
  18 hexers
  25 fungi
  94 plants
  A starspawn tentacle (Spider:4)
143 creatures vanquished.

Grand Total: 1138 creatures vanquished

Table legend:
 A = Non-vault XP
 B = Vault XP
 C = Vault XP percentage of total XP
 D = Non-vault monster count
 E = Vault monster count
 F = Vault count percentage of total count
                 A         B        C        D         E       F
            +---------+---------+-------+---------+---------+-------
      Total |  140221 |   98878 |  41.4 |     637 |     357 |  35.9
            +---------+---------+-------+---------+---------+-------
        D:1 |      30 |       0 |   0.0 |      16 |       0 |   0.0
        D:2 |      39 |       0 |   0.0 |      19 |       0 |   0.0
        D:3 |      65 |       0 |   0.0 |      27 |       0 |   0.0
        D:4 |     369 |       0 |   0.0 |      24 |       0 |   0.0
        D:5 |    1057 |       0 |   0.0 |      18 |       0 |   0.0
        D:6 |     656 |       0 |   0.0 |      19 |       0 |   0.0
        D:7 |     786 |       0 |   0.0 |      15 |       0 |   0.0
        D:8 |    1541 |       7 |   0.5 |      17 |       4 |  19.0
        D:9 |    2122 |    3399 |  61.6 |      32 |      10 |  23.8
       D:10 |    1107 |    1757 |  61.3 |       9 |       3 |  25.0
       D:11 |    5124 |    1344 |  20.8 |      21 |      17 |  44.7
       D:12 |    3873 |     434 |  10.1 |      13 |       1 |   7.1
       D:13 |    5358 |    6981 |  56.6 |      15 |      19 |  55.9
       D:14 |    6077 |    6061 |  49.9 |      14 |      18 |  56.2
       D:15 |   13716 |    1062 |   7.2 |      29 |       1 |   3.3
     Lair:1 |    6251 |     682 |   9.8 |      21 |       2 |   8.7
     Lair:2 |    4302 |     804 |  15.7 |      17 |       4 |  19.0
     Lair:3 |    7213 |    1138 |  13.6 |      27 |       3 |  10.0
     Lair:4 |   10830 |       0 |   0.0 |      37 |       0 |   0.0
     Lair:5 |   12215 |   20292 |  62.4 |      40 |      92 |  69.7
   Spider:1 |   19280 |    7605 |  28.3 |      57 |      17 |  23.0
   Spider:2 |    7329 |    1511 |  17.1 |      20 |       3 |  13.0
   Spider:3 |   13170 |    3396 |  20.5 |      34 |      10 |  22.7
   Spider:4 |   11438 |   13437 |  54.0 |      28 |      19 |  40.4
      Orc:1 |    4249 |    1751 |  29.2 |      34 |       5 |  12.8
      Orc:2 |    2024 |   11995 |  85.6 |      34 |      65 |  65.7
     Bailey |       0 |    1174 | 100.0 |       0 |      15 | 100.0
      IceCv |       0 |   14048 | 100.0 |       0 |      49 | 100.0
            +---------+---------+-------+---------+---------+-------

Illustrated notes

Table legend:
 A = Kills in this place as a percentage of kills in entire the game.
 B = Kills by you in this place as a percentage of kills by you in the entire game.
 C = Kills by friends in this place as a percentage of kills by friends in the entire game.
 D = Other kills in this place as a percentage of other kills in the entire game.
 E = Experience gained in this place as a percentage of experience gained in the entire game.
 F = Experience gained in this place divided by the number of levels of this place that you have seen.
                   A       B       C       D       E      F
               +-------+-------+-------+-------+-------+----------------------
         Total | 100.0 | 100.0 | 100.0 | 100.0 | 100.0 | 8539.2
       Dungeon |  36.3 |  38.3 |  16.5 |  30.8 |  26.3 | 4197.7
          Lair |  24.4 |  25.3 |  15.3 |  23.1 |  26.7 | 12745.4
   Spider Nest |  18.9 |  16.9 |  36.5 |  46.2 |  32.3 | 19291.5
  Orcish Mines |  13.9 |  13.1 |  24.7 |   0.0 |   8.4 | 10009.5
        Bailey |   1.5 |   1.7 |   0.0 |   0.0 |   0.5 | 1174.0
      Ice Cave |   4.9 |   4.8 |   7.1 |   0.0 |   5.9 | 14048.0
               +-------+-------+-------+-------+-------+----------------------

Table legend: (Time is in decaauts)
 A = Elapsed time spent in this place.
 B = Non-inter-level travel time spent in this place.
 C = Inter-level travel time spent in this place.
 D = Time resting spent in this place.
 E = Time spent auto-exploring this place.
 F = Levels seen in this place.
 G = Mean time per level.
                   A        B        C        D        E       F      G
               +--------+--------+--------+--------+--------+-----+--------+
         Total |  31898 |  29796 |   2102 |   4885 |  19622 |  28 | 1139.2 |
       Dungeon |  14444 |  13546 |    898 |   1472 |   9667 |  15 |  962.9 |
          Lair |   6623 |   6142 |    481 |    557 |   4678 |   5 | 1324.6 |
   Spider Nest |   7102 |   6791 |    311 |   1861 |   3794 |   4 | 1775.5 |
  Orcish Mines |   2379 |   1968 |    411 |    574 |    910 |   2 | 1189.5 |
        Bailey |    412 |    412 |      0 |    121 |    169 |   1 |  412.0 |
      Ice Cave |    936 |    936 |      0 |    299 |    403 |   1 |  936.0 |
               +--------+--------+--------+--------+--------+-----+--------+

Top non-repeatable levels by time:
Spider:3: 2571 daAuts
  Lair:5: 2272 daAuts
Spider:1: 2245 daAuts
     D:4: 1699 daAuts
    D:14: 1449 daAuts
   Orc:2: 1379 daAuts
Spider:2: 1253 daAuts
  Lair:3: 1224 daAuts
    D:11: 1185 daAuts
     D:2: 1093 daAuts
  Lair:2: 1085 daAuts
  Lair:4: 1050 daAuts
Spider:4: 1032 daAuts
   Orc:1: 1000 daAuts
     D:1: 996 daAuts
